TOP OF THE 1ST |
Detroit Renaissance batting - Pitching for Northern Virginia Retrievers : RHP Lou Hartling
|
Pitching: RHP Lou Hartling
|
|
Batting: RHB John Farrell
|
0-0: Called Strike 0-1: Ball 1-1: Swinging Strike 1-2: Ball 2-2: Strikes out swinging
|
Batting: LHB Juan González
|
0-0: Ball 1-0: Ball 2-0: Foul Ball, location: 2F 2-1: Foul Ball, location: 2F 2-2: Foul Ball, location: 2F 2-2: Strikes out swinging
|
Batting: LHB Greg Robinson
|
0-0: Swinging Strike 0-1: Ball 1-1: Swinging Strike 1-2: Strikes out swinging
|
Top of the 1st over - 0 run(s), 0 hit(s), 0 error(s), 0 left on base; Detroit 0 - Northern Virginia 0 |
BOTTOM OF THE 1ST |
Northern Virginia Retrievers batting - Pitching for Detroit Renaissance : RHP Wayne Hayes
|
Pitching: RHP Wayne Hayes
|
|
Batting: LHB Wayne Akers
|
0-0: Ball 1-0: Fly out, F7 (Flyball, 78S)
|
Batting: LHB Keith Bridges
|
0-0: Ball 1-0: Ball 2-0: Ball 3-0: Called Strike 3-1: Base on Balls
|
Batting: SHB Ramiro Salazar
|
0-0: Called Strike 0-1: Ball 1-1: Foul Ball, location: 2F 1-2: Ball 2-2: SINGLE (Flyball, 8LS) Keith Bridges to second
|
Batting: LHB Bartolo Benítez
|
0-0: Ball 1-0: Foul Ball, location: 2F 1-1: Ball 2-1: Swinging Strike 2-2: Fly out, F4 (Line Drive, 4)
|
Batting: RHB Bob Heller
|
0-0: Ball 1-0: Swinging Strike 1-1: Swinging Strike 1-2: Ball 2-2: Strikes out swinging
|
Bottom of the 1st over - 0 run(s), 1 hit(s), 0 error(s), 2 left on base; Detroit 0 - Northern Virginia 0 |
TOP OF THE 2ND |
Detroit Renaissance batting - Pitching for Northern Virginia Retrievers : RHP Lou Hartling
|
Batting: LHB Mike Silver
|
0-0: Foul Ball, location: 2F 0-1: Ball 1-1: Ball 2-1: Fly out, F5 (Popup, 5SF)
|
Batting: RHB Randy García
|
0-0: Ball 1-0: Foul Ball, location: 2F 1-1: Ground out 3-1 (Groundball, 34)
|
Batting: RHB Ron Ward
|
0-0: Called Strike 0-1: Called Strike 0-2: Ball 1-2: Strikes out swinging
|
Top of the 2nd over - 0 run(s), 0 hit(s), 0 error(s), 0 left on base; Detroit 0 - Northern Virginia 0 |
BOTTOM OF THE 2ND |
Northern Virginia Retrievers batting - Pitching for Detroit Renaissance : RHP Wayne Hayes
|
Batting: LHB Munemori Ohara
|
0-0: Ground out 6-3 (Groundball, 6M)
|
Batting: SHB Gustavo Fuentes
|
0-0: Swinging Strike 0-1: Called Strike 0-2: Ball 1-2: Ground out 1-3 (Groundball, 13S)
|
Batting: LHB Rick Watson
|
0-0: Ground out 4-3 (Groundball, 4M)
|
Bottom of the 2nd over - 0 run(s), 0 hit(s), 0 error(s), 0 left on base; Detroit 0 - Northern Virginia 0 |
TOP OF THE 3RD |
Detroit Renaissance batting - Pitching for Northern Virginia Retrievers : RHP Lou Hartling
|
Batting: LHB David Hunt
|
0-0: Foul Ball, location: 2F 0-1: Ball 1-1: Ground out 4-3 (Groundball, 4)
|
Batting: RHB Harry Fuller
|
0-0: Ball 1-0: Ground out 4-3 (Groundball, 13)
|
Batting: RHB Bernardo Herrera
|
0-0: Called Strike 0-1: Ball 1-1: Ground out 6-3 (Groundball, 56)
|
Top of the 3rd over - 0 run(s), 0 hit(s), 0 error(s), 0 left on base; Detroit 0 - Northern Virginia 0 |
BOTTOM OF THE 3RD |
Northern Virginia Retrievers batting - Pitching for Detroit Renaissance : RHP Wayne Hayes
|
Batting: RHB Eddie O'Bryan
|
0-0: Called Strike 0-1: Swinging Strike 0-2: Ball 1-2: Foul Ball, location: 2F 1-2: Ball 2-2: Ball 3-2: Ground out 5-3 (Groundball, 15S)
|
Batting: LHB Wayne Akers
|
0-0: Called Strike 0-1: Ground out 1-3 (Groundball, 15)
|
Batting: LHB Keith Bridges
|
0-0: Foul Ball, location: 2F 0-1: Ball 1-1: Ball 2-1: Ball 3-1: Foul Ball, location: 2F 3-2: Foul Ball, location: 2F 3-2: Fly out, F3 (Popup, 3L)
|
Bottom of the 3rd over - 0 run(s), 0 hit(s), 0 error(s), 0 left on base; Detroit 0 - Northern Virginia 0 |
TOP OF THE 4TH |
Detroit Renaissance batting - Pitching for Northern Virginia Retrievers : RHP Lou Hartling
|
Batting: RHB John Farrell
|
0-0: Called Strike 0-1: Ball 1-1: Ball 2-1: Bunt for hit - play at first, batter OUT! 3-4
|
Batting: LHB Juan González
|
0-0: Called Strike 0-1: Ball 1-1: Called Strike 1-2: Strikes out swinging
|
Batting: LHB Greg Robinson
|
0-0: Swinging Strike 0-1: Swinging Strike 0-2: Ball 1-2: Strikes out looking
|
Top of the 4th over - 0 run(s), 0 hit(s), 0 error(s), 0 left on base; Detroit 0 - Northern Virginia 0 |
BOTTOM OF THE 4TH |
Northern Virginia Retrievers batting - Pitching for Detroit Renaissance : RHP Wayne Hayes
|
Batting: SHB Ramiro Salazar
|
0-0: Ball 1-0: Swinging Strike 1-1: Swinging Strike 1-2: Ball 2-2: Fly out, F9 (Flyball, 9D)
|
Batting: LHB Bartolo Benítez
|
0-0: Ball 1-0: Ball 2-0: Ground out 6-3 (Groundball, 6)
|
Batting: RHB Bob Heller
|
0-0: Ball 1-0: Called Strike 1-1: Foul Ball, location: 2F 1-2: Ground out 6-3 (Groundball, 56S)
|
Bottom of the 4th over - 0 run(s), 0 hit(s), 0 error(s), 0 left on base; Detroit 0 - Northern Virginia 0 |
TOP OF THE 5TH |
Detroit Renaissance batting - Pitching for Northern Virginia Retrievers : RHP Lou Hartling
|
Batting: LHB Mike Silver
|
0-0: Called Strike 0-1: Ball 1-1: Ball 2-1: Foul Ball, location: 2F 2-2: Ground out 5-3 (Groundball, 15S)
|
Batting: RHB Randy García
|
0-0: Called Strike 0-1: Foul Ball, location: 2F 0-2: Strikes out looking
|
Batting: RHB Ron Ward
|
0-0: Called Strike 0-1: Ball 1-1: Ball 2-1: Called Strike 2-2: Fly out, F7 (Flyball, 7D)
|
Top of the 5th over - 0 run(s), 0 hit(s), 0 error(s), 0 left on base; Detroit 0 - Northern Virginia 0 |
BOTTOM OF THE 5TH |
Northern Virginia Retrievers batting - Pitching for Detroit Renaissance : RHP Wayne Hayes
|
Batting: LHB Munemori Ohara
|
0-0: Called Strike 0-1: Ball 1-1: Foul Ball, location: 2F 1-2: Strikes out swinging
|
Batting: SHB Gustavo Fuentes
|
0-0: Called Strike 0-1: Ball 1-1: Ball 2-1: DOUBLE (Flyball, 7LM)
|
Batting: LHB Rick Watson
|
0-0: Ball 1-0: Ball 2-0: Ball 3-0: Base on Balls
|
Batting: RHB Eddie O'Bryan
|
0-0: Grounds into double play, 6-4-3 (Groundball, 6)
|
Bottom of the 5th over - 0 run(s), 1 hit(s), 0 error(s), 1 left on base; Detroit 0 - Northern Virginia 0 |
TOP OF THE 6TH |
Detroit Renaissance batting - Pitching for Northern Virginia Retrievers : RHP Lou Hartling
|
Batting: LHB David Hunt
|
0-0: Called Strike 0-1: Called Strike 0-2: Ball 1-2: Fly out, F4 (Popup, 4MD)
|
Batting: RHB Harry Fuller
|
0-0: Called Strike 0-1: Ball 1-1: Ground out 4-3 (Groundball, 4)
|
Batting: RHB Bernardo Herrera
|
0-0: Ball 1-0: Ground out 6-3 (Groundball, 6)
|
Top of the 6th over - 0 run(s), 0 hit(s), 0 error(s), 0 left on base; Detroit 0 - Northern Virginia 0 |
BOTTOM OF THE 6TH |
Northern Virginia Retrievers batting - Pitching for Detroit Renaissance : RHP Wayne Hayes
|
Batting: LHB Wayne Akers
|
0-0: Ball 1-0: Ball 2-0: Ball 3-0: Called Strike 3-1: Foul Ball, location: 2F 3-2: Foul Ball, location: 2F 3-2: Strikes out swinging
|
Batting: LHB Keith Bridges
|
0-0: Ground out U3 (Groundball, 3L)
|
Batting: SHB Ramiro Salazar
|
0-0: Foul Ball, location: 2F 0-1: Foul Ball, location: 2F 0-2: Ball 1-2: Ball 2-2: Ball 3-2: Foul Ball, location: 2F 3-2: DOUBLE (Line Drive, 9LS)
|
Batting: LHB Bartolo Benítez
|
0-0: Ball 1-0: TRIPLE (Line Drive, 8RD) Ramiro Salazar scores
|
Batting: RHB Bob Heller
|
0-0: Ball 1-0: Foul Ball, location: 2F 1-1: Called Strike 1-2: Ground out 4-3 (Groundball, 6M)
|
Bottom of the 6th over - 1 run(s), 2 hit(s), 0 error(s), 1 left on base; Detroit 0 - Northern Virginia 1 |
TOP OF THE 7TH |
Detroit Renaissance batting - Pitching for Northern Virginia Retrievers : RHP Lou Hartling
|
Batting: RHB John Farrell
|
0-0: Called Strike 0-1: Foul Ball, location: 2F 0-2: Ball 1-2: Ball 2-2: Foul Ball, location: 2F 2-2: Ball 3-2: SOLO HOME RUN (Flyball, 7D), Distance : 389 ft
|
Batting: LHB Juan González
|
0-0: Swinging Strike 0-1: Ball 1-1: Ball 2-1: Ball 3-1: Base on Balls
|
Batting: LHB Greg Robinson
|
0-0: Foul Ball, location: 2F 0-1: Fly out, F7 (Flyball, 8LD)
|
Batting: LHB Mike Silver
|
0-0: Foul Ball, location: 2F 0-1: Ball 1-1: Foul Ball, location: 2F 1-2: Foul Ball, location: 2F 1-2: Ball 2-2: Reached on error, E2 (Groundball, 2L) Juan González to third
|
Batting: RHB Randy García
|
0-0: Called Strike 0-1: Ball 1-1: Ball 2-1: Fly out, F7 (Flyball, 78M) Runner from 3rd tags up, SCORES, throw made
|
Pinch Hitting: RHB Nathan Horton
|
0-0: Foul Ball, location: 2F 0-1: Foul Ball, location: 2F 0-2: Strikes out swinging
|
Top of the 7th over - 2 run(s), 1 hit(s), 1 error(s), 1 left on base; Detroit 2 - Northern Virginia 1 |
BOTTOM OF THE 7TH |
Northern Virginia Retrievers batting - Pitching for Detroit Renaissance : RHP Wayne Hayes
|
Now at SS: Nathan Horton
|
|
Batting: LHB Munemori Ohara
|
0-0: Foul Ball, location: 2F 0-1: Foul Ball, location: 2F 0-2: Foul Ball, location: 2F 0-2: Ball 1-2: Foul Ball, location: 2F 1-2: Ball 2-2: Strikes out swinging
|
Batting: SHB Gustavo Fuentes
|
0-0: Ball 1-0: Ball 2-0: Ball 3-0: Called Strike 3-1: Base on Balls
|
Batting: LHB Rick Watson
|
0-0: Called Strike 0-1: Ball 1-1: Called Strike 1-2: Fly out, F9 (Flyball, 9D)
|
Pinch Hitting: RHB Aurelio Vázquez
|
0-0: Ball 1-0: SINGLE (Line Drive, 7LS) Gustavo Fuentes to second
|
Batting: LHB Wayne Akers
|
0-0: Called Strike 0-1: Swinging Strike 0-2: Fly out, F7 (Popup, 78S)
|
Bottom of the 7th over - 0 run(s), 1 hit(s), 0 error(s), 2 left on base; Detroit 2 - Northern Virginia 1 |
TOP OF THE 8TH |
Detroit Renaissance batting - Pitching for Northern Virginia Retrievers : RHP Lou Hartling
|
Now at 2B: Matt Brown
|
|
Batting: LHB David Hunt
|
0-0: SINGLE (Groundball, 34)
|
Batting: RHB Harry Fuller
|
0-0: Ball 1-0: Sac Bunt - play at first, batter OUT! 5-4 David Hunt to second
|
Batting: RHB Bernardo Herrera
|
0-0: Ball 1-0: Swinging Strike Passed Ball! David Hunt to third 1-1: Ball 2-1: Bunted foul 2-2: Foul Ball, location: 2F 2-2: DOUBLE (Line Drive, 5L) David Hunt scores
|
Batting: RHB John Farrell
|
0-0: Called Strike 0-1: Ground out 5-3 (Groundball, 56)
|
Pitching: LHP Tommy Blevins
|
|
Batting: LHB Juan González
|
0-0: Called Strike 0-1: Ball 1-1: Called Strike 1-2: Foul Ball, location: 2F 1-2: Strikes out looking
|
Top of the 8th over - 1 run(s), 2 hit(s), 0 error(s), 1 left on base; Detroit 3 - Northern Virginia 1 |
BOTTOM OF THE 8TH |
Northern Virginia Retrievers batting - Pitching for Detroit Renaissance : RHP Wayne Hayes
|
Batting: LHB Keith Bridges
|
0-0: Ball 1-0: Foul Ball, location: 2F 1-1: Ball 2-1: Foul Ball, location: 2F 2-2: Foul Ball, location: 2F 2-2: Fly out, F7 (Flyball, 7LMF)
|
Batting: SHB Ramiro Salazar
|
0-0: Fly out, F8 (Flyball, 8LM)
|
Batting: LHB Bartolo Benítez
|
0-0: Ball 1-0: Called Strike 1-1: Fly out, F8 (Flyball, 8LM)
|
Bottom of the 8th over - 0 run(s), 0 hit(s), 0 error(s), 0 left on base; Detroit 3 - Northern Virginia 1 |
TOP OF THE 9TH |
Detroit Renaissance batting - Pitching for Northern Virginia Retrievers : LHP Tommy Blevins
|
Batting: LHB Greg Robinson
|
0-0: Ball 1-0: Foul Ball, location: 2F 1-1: Swinging Strike 1-2: Ball 2-2: Ball 3-2: Strikes out looking
|
Pitching: LHP Joe Kehoe
|
|
Batting: LHB Mike Silver
|
0-0: Swinging Strike 0-1: Ball 1-1: Foul Ball, location: 2F 1-2: DOUBLE (Line Drive, 8RXD)
|
Batting: RHB Randy García
|
0-0: SINGLE (Line Drive, 56) Mike Silver to third Runner from 3rd tries for Home, SAFE, no throw or cutoff
|
Batting: RHB Nathan Horton
|
0-0: Ball Pickoff Throw to First - Error! E1 Randy García to second 1-0: Intentional Walk
|
Batting: LHB David Hunt
|
0-0: Called Strike 0-1: Ball 1-1: SINGLE (Line Drive, 56D) Randy García to third Nathan Horton to second
|
Batting: RHB Harry Fuller
|
0-0: Foul Ball, location: 2F 0-1: Swinging Strike 0-2: Fielders Choice at 2nd, 6-4 (Groundball, 6) Randy García scores Nathan Horton to third
|
Batting: RHB Bernardo Herrera
|
0-0: Called Strike 0-1: Ball 1-1: Ball 2-1: Foul Ball, location: 2F 2-2: Strikes out swinging
|
Top of the 9th over - 2 run(s), 3 hit(s), 1 error(s), 2 left on base; Detroit 5 - Northern Virginia 1 |
BOTTOM OF THE 9TH |
Northern Virginia Retrievers batting - Pitching for Detroit Renaissance : RHP Wayne Hayes
|
Pitching: LHP José Guerrero
|
|
Batting: RHB Bob Heller
|
0-0: Called Strike 0-1: Ground out 6-3 (Groundball, 56)
|
Batting: LHB Munemori Ohara
|
0-0: Ball 1-0: DOUBLE (Line Drive, 5L)
|
Batting: SHB Gustavo Fuentes
|
0-0: Foul Ball, location: 2F 0-1: Swinging Strike 0-2: Foul Ball, location: 2F 0-2: Ball 1-2: Foul Ball, location: 2F 1-2: SINGLE (Line Drive, 34D) Munemori Ohara to third Runner from 3rd tries for Home, SAFE, no throw or cutoff
|
Pitching: RHP António Lucero
|
|
Batting: LHB Rick Watson
|
0-0: Ball 1-0: Called Strike 1-1: Called Strike 1-2: Foul Ball, location: 2F 1-2: Strikes out looking
|
Batting: RHB Matt Brown
|
0-0: Ball 1-0: Foul Ball, location: 2F 1-1: Called Strike 1-2: Ball 2-2: Strikes out swinging
|
Bottom of the 9th over - 1 run(s), 2 hit(s), 0 error(s), 1 left on base; Detroit 5 - Northern Virginia 2 |
|